 Dungeon Crawl Stone Soup version 0.30.1-11-g7821555f0a (webtiles) character file.

Game seed: 15432250214551469577

15468 Boredatwork228 the Grappler (level 12, -8/110 HPs)
             Began as a Troll Fighter on Jan 9, 2024.
             Was a Believer of Trog.
             Mangled by an orc warlord
             ... wielding a +3 long sword of distortion
              (16 damage)
             ... on level 2 of the Orcish Mines on Jan 10, 2024.
             The game lasted 00:43:45 (8348 turns).

Boredatwork228 the Grappler (Troll Fighter)         Turns: 8348, Time: 00:43:46

Health: -8/110     AC: 10    Str: 30    XL:     12   Next: 1%
Magic:  11/11      EV: 11    Int:  3    God:    Trog [**....]
Gold:   611        SH: 16    Dex: 10    Spells: 11/11 levels left

rFire   . .          .
                       - Unarmed
rCold   . . .        b - +1 kite shield
rNeg    + . .        I - +0 steam dragon scales
rPois   +            (helmet restricted)
rElec   .            D - +2 ratskin cloak {*Rats rPois rN+ Str-1 Int-1 Dex+1}
rCorr   +            (gloves unavailable)
SInv    .            (boots unavailable)
Will    .....        l - amulet of reflection
Stlth   +            r - ring of poison resistance
HPRegen 1.18/turn    F - ring of resist corrosion
MPRegen 0.12/turn

%: reflection
@: silenced
A: large, unfitting armour, claws 3, regeneration 1, shaggy fur 1, tough skin 1
a: Renounce Religion


You were on level 2 of the Orcish Mines.
You worshipped Trog.
Trog was pleased with you.
You visited 2 branches of the dungeon, and saw 11 of its levels.
You also visited: Ossuary.

You collected 921 gold pieces.
You spent 310 gold pieces at shops.

Inventory:

Hand Weapons
 m - a +2 short sword of electrocution
Missiles
 h - 34 poisoned darts
Armour
 b - a +1 kite shield (worn)
 D - the +2 ratskin cloak (worn) {*Rats rPois rN+ Str-1 Int-1 Dex+1}
   (You found it on level 7 of the Dungeon)

   *Rats:     When the wearer is hurt, rats may emerge from it to assist them.
   Str:       It affects your strength (-1).
   Int:       It affects your intelligence (-1).
   Dex:       It affects your dexterity (+1).
   rPois:     It protects you from poison.
   rN:        It protects you from negative energy.
 I - +0 steam dragon scales (worn)
Jewellery
 l - an amulet of reflection (around neck)
 r - a ring of poison resistance (left claw)
 F - a ring of resist corrosion (right claw)
Wands
 d - a wand of paralysis (15)
 q - a wand of flame (7) (quivered)
 E - a wand of iceblast (6)
Scrolls
 g - 2 scrolls of enchant weapon
 k - 2 scrolls of identify
 s - 2 scrolls of fog
 t - a scroll of enchant armour
 u - 3 scrolls of teleportation
 w - 4 scrolls of immolation
 x - 2 scrolls of vulnerability
 y - a scroll of blinking
 C - a scroll of noise {unknown}
 G - a scroll of amnesia {unknown}
 H - a scroll of fear
Potions
 c - a potion of might
 e - 2 potions of curing
 i - 2 potions of ambrosia
 j - 4 potions of brilliance
 n - 3 potions of attraction
 p - 3 potions of haste
 v - a potion of magic
 z - 2 potions of lignification


   Skills:
 + Level 4.8 Fighting
 + Level 2.1 Throwing
 + Level 7.2 Dodging
 + Level 3.1 Stealth
 + Level 8.7 Shields
 + Level 13.6 Unarmed Combat
 + Level 0.4 Evocations


You had 11 spell levels left.
You didn't know any spells.
Your spell library contained the following spells:

 Spells                   Type           Power      Damage    Failure   Level
 Summon Small Mammal      Summ           0%         N/A       69%         1
 Poisonous Vapours        Pois/Air       0%         N/A       83%         2
 Call Canine Familiar     Summ           0%         N/A       96%         3
 Mephitic Cloud           Conj/Pois/Air  0%         N/A       96%         3
 Summon Guardian Golem    Hex/Summ       0%         N/A       96%         3
 Vhi's Electric Charge    Tloc/Air       0%         N/A       96%         3
 Arcjolt                  Conj/Air       0%         1d10      100%        5
 Freezing Cloud           Conj/Ice/Air   0%         6-21      100%        5
 Maxwell's Capacitive Co  Air            0%         ∞         100%        8


Dungeon Overview and Level Annotations

Branches:
Dungeon (9/15)             Temple (0/1) D:5            Lair (0/5) D:8
    Orc (2/2) D:9         Ossuary (visited)
    Elf: Orc:2

Altars:
Elyvilon
Makhleb
Qazlal
Sif Muna
Trog
Uskayaw
Vehumet
Wu Jian
Xom
The Shining One

Shops:
D:5 :   D:7 ?[*(:   Orc:1 *

Annotations:
Orc:1 exclusion: oklob plant


Innate Abilities, Weirdness & Mutations

You are too large for most types of armour.
You have claws for hands.
Your natural rate of healing is unusually fast.
You are covered in fur. (AC +1)
You have tough skin. (AC +1)


Message History

You claw the orc warlord!
The orc warlord is heavily wounded.
The orc warlord completely misses you. The orc hits you with a +0 flail.
The orc wizard closely misses you. You block the orc warrior's attack. x2
You scratch the orc warlord but do no damage.
The orc warlord is heavily wounded.
You block the orc warrior's attack. You block the orc wizard's attack.
The orc warrior hits you with a +0 dire flail.
You claw the orc warlord!
The orc warlord is heavily wounded.
You scratch the orc warlord.
The orc warlord is heavily wounded.
The orc no longer looks unusually strong.
You block the orc's attack. You block the orc warrior's attack.
The orc warrior hits you with a +0 short sword!
The orc wizard hits you but does no damage.
The orc hits you but does no damage.
The orc priest hits you but does no damage.
The orc warrior completely misses you. You block the orc wizard's attack.
You barely miss the orc warlord.
The orc warlord is heavily wounded.
The orc warlord hits you with a +3 long sword of distortion.
* * * LOW HITPOINT WARNING * * *
Space warps horribly around you!
* * * LOW HITPOINT WARNING * * *
You block the orc's attack.
The orc wizard hits you but does no damage.
The orc warrior hits you with a +0 short sword!
* * * LOW HITPOINT WARNING * * *
The orc barely misses you.
The orc priest hits you but does no damage.
The orc warrior closely misses you.
The orc warrior hits you with a +0 dire flail.
* * * LOW HITPOINT WARNING * * *
You block the orc wizard's attack.
You feel better.
The orc warlord hits you with a +3 long sword of distortion!
* * * LOW HITPOINT WARNING * * *
Space warps horribly around you!
You die...

####o......###.......##
#........#.......##
##..............##
#..........#..##
##........##.##
##.......####
###....o.o.##
##.......ooo.##
#..)....oo@o..####
####.......ooo...#.##
#.)#))..............##
##)..)..###..........##
#.).....# ##).........#
#.......####).....)).##
#........##.......))##
###.....<#........<##
#..............###


You could see an orc warlord, 3 orc warriors, 2 orc priests, 2 orc wizards and 3
orcs.

Vanquished Creatures
  Gastronok (Orc:1)
  A two-headed ogre (Orc:1)
  Nergalle (Orc:1)
  Sonja (Orc:1)
  2 orc sorcerers (Orc:2)
  3 cyclopes (Orc:1)
  2 unseen horror zombies (D:9)
  2 trolls
  A hornet (D:7)
  Grinder (D:6)
  Sigmund (D:3)
  2 wraiths
  A wyvern (D:8)
  6 yaks (D:8)
  2 steam dragons
  3 vampire mosquitoes (D:8)
  6 wargs
  A water moccasin (D:9)
  Duvessa (D:5)
  11 orc warriors
  2 black bears
  An ice beast (D:6)
  5 centaurs
  3 ogres
  A phantom (D:5)
  2 kobold brigands
  3 bullfrogs
  A gnoll sergeant (D:7)
  4 scorpions
  A wyvern zombie (D:9)
  12 wights
  Dowan (D:5)
  3 howler monkeys
  A crimson imp (D:7)
  2 centaur zombies (D:9)
  4 hounds
  3 jellies
  20 orc priests
  Jessica (D:2)
  An iguana (D:6)
  Terence (D:3)
  A sleepcap (D:6)
  3 hell rats (D:7)
  9 orc wizards
  A mummy (Ossuary)
  2 howler monkey zombies (D:9)
  3 gnolls (D:5)
  15 river rats (D:7)
  6 adders
  2 shadow imps
  A white imp (D:5)
  An ufetubus (D:5)
  2 worms (D:2)
  The ghost of leafyfresh the Sneak, a weakling OpDe (D:5)
  3 dart slugs
  56 orcs
  6 spectral bats (Ossuary)
  7 ball pythons
  A bat (D:2)
  9 endoplasms
  5 giant cockroaches
  12 gnoll zombies (Ossuary)
  7 goblins
  2 hobgoblins
  5 quokkas
  4 bat simulacra (Ossuary)
  6 frilled lizards
  2 goblin simulacra (Ossuary)
  4 goblin zombies (Ossuary)
  3 hobgoblin zombies (Ossuary)
  13 kobolds
  3 kobold simulacra (Ossuary)
  4 kobold zombies (Ossuary)
  7 orc zombies (Ossuary)
  5 rats
  2 rat simulacra (Ossuary)
  4 spectral goblins (Ossuary)
  3 spectral rats (Ossuary)
341 creatures vanquished.

Vanquished Creatures (collateral kills)
  An ettin (Orc:1)
  A hydra (D:9)
  An orc warrior (D:9)
  A wyvern zombie (D:9)
  A wight (D:9)
  An orc priest (D:9)
  An orc (D:9)
  A kobold (D:7)
8 creatures vanquished.

Vanquished Creatures (others)
  An orc (Orc:1)
1 creature vanquished.

Grand Total: 350 creatures vanquished

Notes
Turn   | Place    | Note
-------+----------+-------------------------------------------
     0 | D:1      | Boredatwork228 the Troll Fighter began the quest for the
                  | Orb.
     0 | D:1      | Reached XP level 1. HP: 22/22 MP: 0/0
    86 | D:1      | Reached XP level 2. HP: 29/29 MP: 1/1
   796 | D:2      | Reached XP level 3. HP: 34/36 MP: 2/2
  1011 | D:2      | Noticed Jessica
  1026 | D:2      | Killed Jessica
  1027 | D:2      | Reached skill level 3 in Unarmed Combat
  1027 | D:2      | Reached XP level 4. HP: 33/44 MP: 3/3
  1152 | D:2      | Found a faded altar of an unknown god.
  1671 | D:3      | Noticed Sigmund
  1685 | D:3      | Killed Sigmund
  1686 | D:3      | Reached skill level 4 in Unarmed Combat
  1686 | D:3      | Reached XP level 5. HP: 33/52 MP: 4/4
  1769 | D:3      | Reached XP level 6. HP: 59/59 MP: 5/5
  1770 | D:3      | Noticed Terence
  1776 | D:3      | Killed Terence
  2221 | D:4      | Reached skill level 5 in Unarmed Combat
  2388 | D:4      | Reached XP level 7. HP: 62/67 MP: 6/6
  2452 | D:4      | Identified the +2 scale mail "Irchits" {Int+3}
  2723 | D:4      | Found a sand-covered staircase.
  2728 | Ossuary  | Entered an ossuary
  2865 | Ossuary  | Reached skill level 1 in Stealth
  3273 | D:5      | Entered Level 5 of the Dungeon
  3294 | D:5      | Reached skill level 6 in Unarmed Combat
  3443 | D:5      | Noticed Duvessa
  3444 | D:5      | Noticed Dowan
  3453 | D:5      | Killed Duvessa
  3463 | D:5      | Killed Dowan
  3464 | D:5      | Reached XP level 8. HP: 69/75 MP: 7/7
  3523 | D:5      | Found a runed translucent door.
  3526 | D:5      | Found a staircase to the Ecumenical Temple.
  3658 | D:5      | Found Meynusch's Book Shoppe.
  3719 | D:5      | Reached skill level 7 in Unarmed Combat
  3917 | D:5      | Found a glowing golden altar of the Shining One.
  4137 | D:5      | Noticed leafyfresh's ghost (weakling OpDe)
  4144 | D:5      | Killed leafyfresh's ghost
  4313 | D:6      | Reached skill level 8 in Unarmed Combat
  4397 | D:6      | Reached skill level 5 in Shields
  4412 | D:6      | Reached XP level 9. HP: 64/84 MP: 8/8
  4603 | D:6      | Noticed Grinder
  4609 | D:6      | Killed Grinder
  4610 | D:6      | Reached skill level 5 in Dodging
  4610 | D:6      | Reached skill level 9 in Unarmed Combat
  4642 | D:6      | Found a white marble altar of Elyvilon.
  4642 | D:6      | Found a stormy altar of Qazlal.
  4642 | D:6      | Found a hide-covered altar of Uskayaw.
  5126 | D:7      | Found the +2 ratskin cloak {*Rats rPois rN+ Str-1 Int-1
                  | Dex+1}
  5257 | D:7      | Found Xuypyss's General Store.
  5265 | D:7      | Bought a scroll of identify for 26 gold pieces
  5276 | D:7      | Found Woafacil's Magic Scroll Emporium.
  5349 | D:7      | Found Idat's Armour Shoppe.
  5428 | D:7      | Noticed a walking frostbound tome
  5444 | D:7      | Found Woegy's Weapon Shoppe.
  5459 | D:7      | Bought a scroll of identify for 26 gold pieces
  5459 | D:7      | Bought a scroll of identify for 26 gold pieces
  5459 | D:7      | Bought a scroll of identify for 26 gold pieces
  5459 | D:7      | Bought a scroll of identify for 26 gold pieces
  5483 | D:7      | Found a radiant altar of Vehumet.
  5484 | D:7      | Found a burning altar of Makhleb.
  5654 | D:7      | Reached skill level 10 in Unarmed Combat
  5668 | D:7      | Found Astioqutz's Book Emporium.
  5668 | D:7      | Noticed a walking divine tome
  5759 | D:8      | Found an ornate altar of the Wu Jian Council.
  5885 | D:8      | Reached XP level 10. HP: 47/92 MP: 9/9
  5992 | D:8      | Found a staircase to the Lair.
  6081 | D:8      | Reached skill level 11 in Unarmed Combat
  6213 | D:8      | Found a bloodstained altar of Trog.
  6214 | D:8      | Found a shimmering blue altar of Sif Muna.
  6216 | D:8      | Found a shimmering altar of Xom.
  6230 | D:8      | Became a worshipper of Trog the Wrathful
  6658 | D:9      | Noticed an eight-headed hydra
  6666 | D:9      | Killed a ten-headed hydra
  6730 | D:9      | Reached skill level 12 in Unarmed Combat
  6730 | D:9      | Reached XP level 11. HP: 92/101 MP: 10/10
  6743 | D:9      | Identified the +0 hat of the Damp God {rC++ Will+}
  6923 | D:9      | Found a staircase to the Orcish Mines.
  6971 | Orc:1    | Entered Level 1 of the Orcish Mines
  6972 | Orc:1    | Noticed Gastronok
  6989 | Orc:1    | Killed Gastronok
  6989 | Orc:1    | Reached * piety under Trog
  7069 | Orc:1    | Noticed an ettin
  7081 | Orc:1    | Killed an ettin
  7082 | Orc:1    | Reached skill level 1 in Throwing
  7199 | Orc:1    | Found a burning altar of Makhleb.
  7296 | Orc:1    | Noticed a two-headed ogre
  7305 | Orc:1    | Killed a two-headed ogre
  7306 | Orc:1    | Reached skill level 13 in Unarmed Combat
  7315 | Orc:1    | Noticed Nergalle
  7333 | Orc:1    | Killed Nergalle
  7439 | Orc:1    | Noticed Sonja
  7466 | Orc:1    | Killed Sonja
  7554 | Orc:1    | Found a dark tunnel.
  7648 | Orc:1    | Found Juant's General Store.
  7656 | Orc:1    | Bought 2 potions of heal wounds for 180 gold pieces
  7669 | Orc:1    | Noticed an oklob plant
  7961 | Orc:2    | Entered Level 2 of the Orcish Mines
  7994 | Orc:2    | Noticed an orc sorcerer
  8109 | Orc:2    | Reached ** piety under Trog
  8188 | Orc:2    | Killed an orc sorcerer
  8188 | Orc:2    | Noticed an orc warlord
  8194 | Orc:2    | Noticed an orc high priest
  8207 | Orc:2    | Noticed an orc sorcerer
  8255 | Orc:2    | Noticed a sixfirhy
  8261 | Orc:2    | Killed an orc sorcerer
  8284 | Orc:2    | Reached XP level 12. HP: 54/109 MP: 11/11
  8348 | Orc:2    | Mangled by an orc warlord

Illustrated notes

Levels and vault maps discovered:
D:1:      erik_arrival_blinker_ship, layout_basic
D:2:      layout_basic, chequers_ecumenical_altar_twisty, uniq_jessica
D:3:      layout_loops_ring, serial_park_tiny_pond, uniq_terence, uniq_sigmund
D:4:      cheibrodos_pilgrimage, layout_basic, enter_ossuary_5, abandoned_shop
D:5:      layout_basic, mainiacjoe_overflow_chevrons,
          minmay_temple_entry_drinking_statues, serial_shops,
          nicolae_shop_hallway_plus, ebering_ghost_reflecting_pool, uniq_duvessa
D:6:      layout_loops_ring, gammafunk_temple_overflow_claw, st_stairs_12,
          minmay_splitting_lines, minmay_misc_feat_pillars, uniq_grinder
D:7:      wander_guarded_unrand_ratskin, layout_cave_pools,
          grunt_temple_overflow_lords_of_destruction, serial_shops,
          nicolae_shop_peninsula, nicolae_shop_mannequins, nicolae_shop_crystal,
          shop, nicolae_shop_tiny_waterfront, st_stairs_1,
          nicolae_elevator_lobby_asterisk
D:8:      layout_basic, chequers_temple_overflow_statue_of_worship,
          pdpol_wu_jian_five_deadly_venoms, erik_lair_orcish_takeover
D:9:      layout_roguey, minmay_orc_entry_guard_dogs, serial_undead,
          serial_undead_d, serial_undead_a, serial_undead_b, serial_undead_a,
          serial_undead_f, serial_undead_e, serial_undead_d
Orc:1:    giant_chief_lemuel, layout_diamond_mine, serial_shops, shop,
          basic_altar, lightli_volcano_entry_magma_tube, mines3_lemuel,
          uniq_sonja, uniq_gastronok, uniq_nergalle
Orc:2:    st_orc_congregation, layout_diamond_mine

Skill      XL: |  1  2  3  4  5  6  7  8  9 10 11 |
---------------+----------------------------------+-----
Shields        | 3 4 5 6 7 8 |  8.7
Unarmed Combat | 3 4 5 6 8 10 12 13 | 13.6
Dodging        | 3 4 5 6 7 |  7.2
Fighting       | 3 4 |  4.8
Stealth        | 1 2 3 |  3.1
Throwing       | 2 |  2.1
Evocations     | |  0.4

Action                     |  1- 3 |  4- 6 |  7- 9 | 10-12 || total
---------------------------+-------+-------+-------+-------++-------
  Melee: Unarmed           |    82 |   102 |   392 |   379 ||   955
  Throw: Dart              |       |       |       |    24 ||    24
  Evoke: Wand              |       |       |       |     7 ||     7
    Use: Scroll            |       |     5 |    11 |     4 ||    20
         Potion            |       |       |     1 |     6 ||     7
   Stab: Sleeping          |     2 |       |    11 |     3 ||    16
         Distracted        |       |       |       |     1 ||     1
 Armour: Robe              |    14 |    25 |    92 |    11 ||   142
         Steam dragon scal |       |       |       |    72 ||    72
  Dodge: Dodged            |    24 |    32 |   103 |   101 ||   260
  Block: Kite shield       |    24 |    40 |   155 |   302 ||   521
         Reflection        |       |       |     8 |    13 ||    21
